 Dungeon Crawl Stone Soup version 0.17.1-3-g152610e (webtiles) character file.

426 doot the Grave Robber (level 6, 0/42 HPs)
             Began as a Vampire Necromancer on Apr 28, 2016.
             Was an Initiate of Nemelex Xobeh.
             Slain by a giant frog (4 damage)
             ... on level 4 of the Dungeon.
             The game lasted 00:30:27 (5809 turns).

doot the Grave Robber (Vampire Necromancer)         Turns: 5809, Time: 00:30:28

Health: 0/42       AC:  1    Str:  7    XL:     6   Next: 64%
Magic:  8/11       EV: 13    Int: 20    God:    Nemelex Xobeh [......]
Gold:   200        SH:  0    Dex: 14    Spells: 4 memorised, 4 levels left

rFire  . . .     SeeInvis +     s - +3 quarterstaff (chaos)
rCold  . . .     Clarity  .     a - +0 robe
rNeg   + . .     SustAt   .     (shield currently unavailable)
rPois  .         Gourm    .     o - +0 helmet
rElec  .         Spirit   .     t - +1 cloak
rCorr  .         Warding  .     (no gloves)
rMut   .         Stasis   .     (no boots)
MR     .....                    (no amulet)
Stlth  +++.......               x - ring of wizardry
                                v - ring of see invisible

@: corroded equipment, regenerating, not resistant to hostile enchantments,
fairly stealthy
A: fangs 3, see invisible, unbreathing
a: Bat Form, Renounce Religion


You were on level 4 of the Dungeon.
You worshipped Nemelex Xobeh.
Nemelex Xobeh was noncommittal.
You were not thirsty.

You visited 1 branch of the dungeon, and saw 4 of its levels.

You collected 200 gold pieces.

Inventory:

Hand Weapons
 c - a +3 short sword
 d - a -2 club
 g - a +0 club
 i - a +0 hunting sling
 j - a +0 whip of freezing
 s - a +3 quarterstaff of chaos (weapon)
 u - a +0 mace of crushing
Missiles
 y - 28 stones (quivered)
Armour
 a - a +0 robe (worn)
 h - a +0 leather armour
 o - a +0 helmet (worn)
 t - a +1 cloak (worn)
Jewellery
 v - a ring of see invisible (left hand)
 x - a ring of wizardry (right hand)
Scrolls
 e - 4 scrolls of identify
 k - 2 scrolls of fog {unknown}
 l - a scroll of immolation {unknown}
 m - a scroll of remove curse
 p - a scroll of random uselessness {unknown}
 q - 3 scrolls of magic mapping {unknown}
 r - a scroll of recharging {unknown}
 A - a scroll of enchant weapon {unknown}
Potions
 f - 5 potions of curing
 n - a potion of haste
 w - a potion of magic {unknown}
 z - a potion of flight {unknown}
 C - a potion of mutation {unknown}
Books
 b - a book of Necromancy

   Spells                             Type                      Level
   a - Pain                           Necromancy                   1
   b - Animate Skeleton               Necromancy                   1
   c - Vampiric Draining              Necromancy                   3
   d - Regeneration                   Charms/Necromancy            3
   e - Animate Dead                   Necromancy                   4
   f - Control Undead                 Necromancy                   4
Miscellaneous
 B - a plain deck of destruction {drawn: 1}


   Skills:
 + Level 0.6 Fighting
 + Level 0.4 Short Blades
 + Level 0.2(0.3) Maces & Flails
 + Level 0.1(0.2) Staves
 * Level 3.2 Dodging
 * Level 5.4 Stealth
 + Level 3.5 Spellcasting
 * Level 6.6 Necromancy


You had 4 spell levels left.
You knew the following spells:

 Your Spells              Type           Power        Failure   Level  Hunger
a - Pain                  Necr           ####         1%          1    None
b - Animate Skeleton      Necr           N/A          1%          1    None
c - Vampiric Draining     Necr           ####......   1%          3    ###....
d - Regeneration          Chrm/Necr      ###.......   4%          3    ###....


Dungeon Overview and Level Annotations

Branches:
Dungeon (4/15)
 Temple: D:4-7

Altars:
Nemelex Xobeh
Okawaru
Trog

Annotations:
D:1 Terence


Innate Abilities, Weirdness & Mutations

You have razor-sharp teeth.
You have supernaturally acute eyesight.
You can survive without breathing.


Message History

You closely miss the giant frog. The giant frog misses you.
The jackal barely misses you. The jackal closely misses you.
The giant frog hits you.
You closely miss the giant frog. The giant frog hits you!
* * * LOW HITPOINT WARNING * * *
The jackal barely misses you. The giant frog hits you.
* * * LOW HITPOINT WARNING * * *
The jackal bites you.
* * * LOW HITPOINT WARNING * * *
The giant frog hits you.
* * * LOW HITPOINT WARNING * * *
Casting: Vampiric Draining
Confirm with . or Enter, or press ? or * to list all spells.
Your skin crawls.
The giant frog closely misses you. The giant frog misses you.
The giant frog hits you.
* * * LOW HITPOINT WARNING * * *
The giant frog hits you.
You die...
Your body disappears without a glow.

#####.#.#†....# #...#..o...##.###
##### #...###.##......#### ....#
####...###.##..........
..#.#######..........#####.#.####
..#.##..................))....#
..#....####..(..h...#######...#
..###### ##.#..F#.## #...# %.#
#.#..@#.# #...#
..##########.#...#.##### #...#
.......................# #...#
####..%.....###..#####.####...###
####........# #..###.............
..##........# #..##.............#
#.##........# #...#..............
#.##......>.# ##..#.##.####...###
............# #.......# #...#


You could see a giant frog and a jackal.

Vanquished Creatures
  A scorpion (D:4)
  A jelly (D:4)
  Crazy Yiuf (D:2)
  An orc priest (D:4)
  2 orc wizards (D:4)
  2 worker ants
  5 adders
  An ooze (D:3)
  2 giant geckos
  12 orcs
  11 bats
  9 goblins
  15 hobgoblins
  4 jackals (D:1)
  6 giant cockroaches
  3 giant newts
  13 kobolds
  2 quokkas
  12 rats
103 creatures vanquished.

Vanquished Creatures (collateral kills)
  Jessica (D:2)
  An adder (D:3)
  A ball python (D:3)
3 creatures vanquished.

Grand Total: 106 creatures vanquished

Notes
Turn   | Place    | Note
--------------------------------------------------------------
     0 | D:1      | doot the Vampire Necromancer began the quest for the Orb.
     0 | D:1      | Reached XP level 1. HP: 13/13 MP: 3/3
   634 | D:1      | Reached XP level 2. HP: 14/19 MP: 3/5
   637 | D:1      | Learned a level 1 spell: Animate Skeleton
  1436 | D:1      | Reached skill level 5 in Necromancy
  1531 | D:1      | Reached XP level 3. HP: 18/24 MP: 2/6
  1675 | D:1      | Learned a level 3 spell: Vampiric Draining
  1803 | D:2      | Noticed Terence
  2362 | D:2      | Noticed Jessica
  2367 | D:2      | Killed Jessica
  2367 | D:2      | Reached XP level 4. HP: 27/30 MP: 2/7
  2412 | D:2      | Learned a level 3 spell: Regeneration
  2855 | D:2      | Found an iron altar of Okawaru.
  3220 | D:2      | Noticed Crazy Yiuf
  3432 | D:2      | Killed Crazy Yiuf
  3432 | D:2      | Reached XP level 5. HP: 23/35 MP: 0/9
  4343 | D:3      | Reached skill level 6 in Necromancy
  4923 | D:3      | Found a sparkling altar of Nemelex Xobeh.
  4943 | D:3      | Became a worshipper of Nemelex Xobeh the Trickster
  5207 | D:3      | Received a gift from Nemelex Xobeh
  5282 | D:4      | Found a bloodstained altar of Trog.
  5392 | D:4      | Reached skill level 5 in Stealth
  5396 | D:4      | Reached XP level 6. HP: 23/42 MP: 4/10
  5803 | D:4      | HP: 2/42 [giant frog (3)]
  5809 | D:4      | Slain by a giant frog

Action                   |  1- 3 |  4- 6 || total
-------------------------+-------+-------++-------
Melee: Unarmed           |     6 |       ||     6
       Club              |     7 |       ||     7
       Whip              |    31 |    11 ||    42
       Short sword       |       |    16 ||    16
       Quarterstaff      |       |    56 ||    56
 Cast: Pain              |    49 |    65 ||   114
       Animate Skeleton  |     9 |    18 ||    27
       Vampiric Draining |       |     5 ||     5
       Regeneration      |       |     4 ||     4
Evoke: Deck              |       |     1 ||     1
  Use: Scroll            |     2 |       ||     2
       Potion            |     1 |       ||     1
 Stab: Sleeping          |     8 |     9 ||    17
       Distracted        |     1 |       ||     1
  Eat: Corpse            |     4 |    11 ||    15
